 Dungeon Crawl Stone Soup version 0.29-a0-187-ga23d9638d5 (webtiles) character file.

Game seed: 12574627472392459587

1923 Zeldest the Caller (level 9, -9/62 HPs)
             Began as an Octopode Summoner on Feb 21, 2022.
             Was an Initiate of Gozag.
             Mangled by a red devil (18 damage)
             ... summoned by Xom
             ... on level 7 of the Dungeon.
             The game lasted 00:19:58 (8597 turns).

Zeldest the Caller (Octopode Summoner)              Turns: 8597, Time: 00:19:58

Health: -9/62      AC:  1    Str: 10    XL:     9   Next: 17%
Magic:  12/12      EV: 13    Int: 31    God:    Gozag
Gold:   331        SH:  0    Dex: 12    Spells: 3/13 levels left

rFire   . . .      SeeInvis .   q - +3 whip (elec)
rCold   + . .      Faith    .   (no shield)
rNeg    . . .      Spirit   .   (helmet restricted)
rPois   +          Reflect  .   (no amulet)
rElec   .          Harm     .   f - ring of resist corrosion
rCorr   +          Rampage  .   p - +6 ring of intelligence
Will    .....                   x - ring of protection from cold
Stlth   +++.......              u - ring of poison resistance
HPRegen 0.20/turn               z - +6 ring of intelligence
MPRegen 0.13/turn               (no ring)
                                (no ring)
                                (no ring)

@: studying Earth Magic
A: almost no armour, amphibious, 8 rings, camouflage 1, gelatinous body 1,
(nimble swimmer 1), tentacles, dopey 1, poison resistance, screaming 1, strong 1
a: Renounce Religion, Potion Petition, Call Merchant, Bribe Branch


You were on level 7 of the Dungeon.
You worshipped Gozag.
Gozag was aware of your devotion.
You visited 2 branches of the dungeon, and saw 9 of its levels.

You collected 734 gold pieces.
You spent 226 gold pieces at shops.
You paid 177 gold pieces to Gozag.

Inventory:

Hand Weapons
 q - a +3 whip of electrocution (weapon)
Magical Staves
 o - a staff of cold
Jewellery
 f - a ring of resist corrosion (left tentacle)
 p - a +6 ring of intelligence (right tentacle)
 u - a ring of poison resistance (on tentacle)
 x - a ring of protection from cold (on tentacle)
 z - a +6 ring of intelligence (on tentacle)
 B - a ring of fire
Wands
 d - a wand of paralysis (11)
 w - a wand of flame (11)
Scrolls
 a - a scroll of blinking
 c - a scroll of enchant armour
 e - 3 scrolls of fear
 g - 5 scrolls of teleportation
 l - a scroll of noise
 r - a scroll of magic mapping
 v - a scroll of vulnerability
Potions
 b - 3 potions of lignification
 h - a potion of mutation
 i - 2 potions of might
 j - a potion of resistance {unknown}
 k - 2 potions of flight
 m - a potion of brilliance
 n - a potion of heal wounds {unknown}
 s - a potion of invisibility {unknown}
 t - a potion of curing
 A - a potion of attraction {unknown}


   Skills:
 + Level 5.7 Fighting
 - Level 2.0 Dodging
 - Level 2.6 Stealth
 - Level 5.4 Unarmed Combat
 - Level 2.6 Spellcasting
 + Level 7.1 Summonings
 - Level 5.2 Translocations
 + Level 0.3 Transmutations
 + Level 0.5 Earth Magic


You had 3 spell levels left.
You knew the following spells:

 Your Spells              Type           Power      Damage    Failure   Level
a - Blink                 Tloc           72%        N/A       1%          2
b - Call Canine Familiar  Summ           48%        N/A       1%          3
c - Summon Small Mammal   Summ           100%       N/A       1%          1
d - Summon Lightning Spi  Summ/Air       26%        N/A       16%         4

Your spell library contained the following spells:

 Spells                   Type           Power      Damage    Failure   Level
 Call Imp                 Summ           48%        N/A       1%          2
 Summon Guardian Golem    Hex/Summ       26%        N/A       4%          3
 Shock                    Conj/Air       16%        1d4       7%          1
 Slow                     Hex            16%        N/A       7%          1
 Stone Arrow              Conj/Erth      10%        3d7       19%         3
 Confusing Touch          Hex            4%         N/A       22%         3
 Mephitic Cloud           Conj/Pois/Air  4%         N/A       22%         3
 Vampiric Draining        Necr           4%         2d6       22%         3
 Leda's Liquefaction      Hex/Erth       2%         N/A       52%         4
 Lee's Rapid Deconstruct  Erth           3%         3d6*      83%         5
 Malign Gateway           Summ/Tloc      21%        N/A       99%         7
 Conjure Ball Lightning   Conj/Air       2%         3x3d6     100%        6
 Statue Form              Tmut/Erth      4%         N/A       100%        6
 Lehudib's Crystal Spear  Conj/Erth      2%         10d2      100%        8
 Animate Armour           Summ/Erth      Unusable   N/A       N/A         4

Dungeon Overview and Level Annotations

Branches:
Dungeon (8/15)             Temple (1/1) D:5
   Lair: D:8-11

Altars:
Ashenzari
Cheibriados
Dithmenos
Elyvilon
Fedhas
Gozag
Hepliaklqana
Kikubaaqudgha
Makhleb
Nemelex Xobeh
Okawaru
Qazlal
Sif Muna
Trog
Uskayaw
Vehumet
Wu Jian
Xom
Yredelemnul
Zin
The Shining One

Shops:
D:2 !   D:7 [*=(

Annotations:
D:4 3 runed translucent doors, Sweetruy1997's ghost, amateur DsCK
D:5 exclusion: acid dragon
D:6 1 runed translucent door, 2 transporters, Menkaure; enile's ghost, novice OpVM


Innate Abilities, Weirdness & Mutations

You cannot wear most types of armour.
You are amphibious.
You can wear up to eight rings at the same time.
Your skin changes colour to match your surroundings (Stealth+).
Your rubbery body absorbs attacks. (AC +1, EV +1)
((You are camouflaged when in or above water. (Stealth+)))
You have tentacles for arms and can constrict up to eight enemies at once.
You are dopey. (Int -2)
Your system is resistant to poisons. (rPois)
You occasionally shout uncontrollably at your foes.
Your muscles are strong. (Str +2)


Message History

There is a stone staircase leading down here.
You start resting.
Magic restored.
You start resting.
HP restored.
You climb downwards.
The centaur shoots an arrow.
The arrow completely misses you.
The centaur shoots an arrow.
The arrow hits you!
The gnoll shaman calls upon its god to speed up the gnoll.
The gnoll seems to speed up.
The gnoll hits you from afar with a +0 spear.
There is a stone staircase leading up, spattered with blood here.
The gnoll shaman calls upon its god to speed up the gnoll.
The gnoll seems to speed up.
The gnoll barely misses you.
The centaur shoots an arrow.
The arrow hits you!
You climb upwards.
There is a stone staircase leading down here.
You start resting. "Let's see if it's strong enough to survive yet."
The divine experience confuses you!
You are confused.
You barely miss the white imp. Your squeeze misses the white imp.
You hit the white imp but do no damage. Your squeeze misses the white imp.
The ufetubus barely misses you. The ufetubus closely misses you.
The ufetubus hits you. The ufetubus closely misses you.
The white imp gestures at you. The puff of frost hits you. You resist.
The red devil misses you.
You feel better.
The ufetubus hits you but does no damage.
The ufetubus misses you. The ufetubus closely misses you.
The ufetubus hits you but does no damage.
The sun demon hits you!!
You are engulfed in flames!
* * * LOW HITPOINT WARNING * * *
The ufetubus closely misses you. The ufetubus barely misses you.
The white imp hits you.
* * * LOW HITPOINT WARNING * * *
The white imp freezes you. You resist.
* * * LOW HITPOINT WARNING * * *
The red devil hits you from afar with a +0 trident!!
You die...
Your body crumbles into a pile of gold.

#.# #........#.##
#.### #.#.####.#.#
#...#####.# #.#.#
###.......#
#.#.###### #########
#......... #.......#
#......... #.#####.#
#.........
#..5.54.####....#####
##..@35.........#
##35.....#####.#
#..<....#.....#
#.......#.###.#
#.......#.#...#
#########.#####
#.........#
#...######## #
#..........# #


You could see 2 sun demons, a red devil (summoned), a white imp (summoned), a
shadow imp (summoned) and 2 ufetubi.

Vanquished Creatures
  An acid dragon (D:7)
  A necrophage (D:5)
  A centaur (D:7)
  A phantom (D:4)
  A bullfrog (D:7)
  4 scorpions
  A water moccasin skeleton (D:6)
  3 wights (D:6)
  A bullfrog zombie (D:7)
  A hound (D:5)
  2 orc priests
  A bullfrog skeleton (D:6)
  A centaur skeleton (D:6)
  Natasha (D:2)
  An orc wizard (D:7)
  A hound skeleton (D:3)
  3 adders
  2 gnolls
  A shadow imp (D:7)
  A white imp (D:7)
  2 worms
  2 dart slugs (D:1)
  6 orcs
  3 ball pythons
  6 bats
  3 endoplasms
  3 giant cockroaches
  12 goblins
  10 hobgoblins
  3 jackals (D:5)
  A quokka (D:4)
  2 frilled lizards (D:1)
  6 kobolds
  7 rats
95 creatures vanquished.

Vanquished Creatures (collateral kills)
  A necrophage (D:6)
  2 wights (D:6)
  A howler monkey (D:4)
  A bullfrog zombie (D:5)
  A centaur skeleton (D:5)
  Crazy Yiuf (D:3)
  An orc priest (D:4)
  A gnoll shaman (D:6)
  A hound (D:4)
  4 iguanas
  Natasha (D:2)
  An orc wizard (D:5)
  A killer bee zombie (D:7)
  Robin (D:3)
  8 gnolls
  6 adders
  A worm (D:2)
  A dart slug (D:1)
  7 orcs
  An endoplasm (D:3)
  5 goblins
  2 hobgoblins
  3 quokkas
  2 ball pythons
  A kobold (D:2)
  A rat (D:2)
56 creatures vanquished.

Vanquished Creatures (others)
  4 fungi (D:3)
  4 toadstools (D:3)
8 creatures vanquished.

Grand Total: 159 creatures vanquished

Notes
Turn   | Place    | Note
-------+----------+-------------------------------------------
     0 | D:1      | Zeldest the Octopode Summoner began the quest for the Orb.
     0 | D:1      | Reached XP level 1. HP: 11/11 MP: 3/3
   295 | D:1      | Reached skill level 1 in Fighting
   295 | D:1      | Reached XP level 2. HP: 15/18 MP: 5/5
   298 | D:1      | Learned a level 2 spell: Call Imp
   622 | D:1      | Reached XP level 3. HP: 10/23 MP: 3/6
   788 | D:1      | Found a faded altar of an unknown god.
   860 | D:1      | Learned a level 3 spell: Call Canine Familiar
  1307 | D:2      | Reached skill level 1 in Unarmed Combat
  1311 | D:2      | Got the Incunabulum of Cloudy Orientation
  1352 | D:2      | Noticed Natasha
  1360 | D:2      | Killed Natasha
  1361 | D:2      | Reached XP level 4. HP: 25/29 MP: 1/7
  1445 | D:2      | Noticed Natasha
  1456 | D:2      | Killed Natasha
  1457 | D:2      | Reached skill level 1 in Translocations
  1550 | D:2      | Found Hina's Distillery.
  1566 | D:2      | Bought 2 potions of lignification for 72 gold pieces
  1615 | D:2      | Reached XP level 5. HP: 27/35 MP: 3/8
  1991 | D:3      | Learned a level 2 spell: Blink
  2185 | D:3      | Noticed Robin
  2236 | D:3      | Killed Robin
  2368 | D:3      | Reached skill level 5 in Summonings
  2815 | D:3      | Found a runed translucent door.
  2816 | D:3      | Noticed Crazy Yiuf
  2895 | D:3      | Killed Crazy Yiuf
  2896 | D:3      | Reached XP level 6. HP: 12/41 MP: 0/9
  3215 | D:4      | Found a runed translucent gate.
  3215 | D:4      | Found a runed translucent gate.
  3215 | D:4      | Found a runed translucent gate.
  3919 | D:4      | Reached XP level 7. HP: 46/46 MP: 4/10
  4407 | D:4      | Noticed Sweetruy1997's ghost (amateur DsCK)
  4419 | D:5      | Entered Level 5 of the Dungeon
  4563 | D:5      | Found a staircase to the Ecumenical Temple.
  4574 | Temple   | Entered the Ecumenical Temple
  4798 | Temple   | Became a worshipper of Xom the Fickle
  4837 | D:5      | Reached skill level 6 in Summonings
  4837 | D:5      | Reached XP level 8. HP: 54/54 MP: 5/11
  4874 | D:5      | Found a bloodstained altar of Trog.
  5241 | D:6      | Found a stormy altar of Qazlal.
  5241 | D:6      | Found a burning altar of Makhleb.
  5260 | D:6      | XOM: silly message
  5423 | D:5      | XOM: silly message
  5428 | D:6      | XOM: butterfly on damage
  5432 | D:6      | Found a broken altar of Ashenzari.
  5433 | D:6      | Found a runed translucent door.
  5434 | D:6      | Found a sparkling altar of Nemelex Xobeh.
  5434 | D:6      | Found a snail-covered altar of Cheibriados.
  5435 | D:6      | Found a shimmering blue altar of Sif Muna.
  5691 | D:6      | XOM: potion effect (brilliance)
  5698 | D:6      | XOM: cast spell 'Summon Hydra'
  5702 | D:6      | Reached skill level 5 in Fighting
  5945 | D:6      | Noticed enile's ghost (novice OpVM)
  6118 | D:6      | XOM: cloud trail
  6278 | D:6      | XOM is BORED!
  6278 | D:6      | XOM: give mutations
  6278 | D:6      | Gained mutation: You are clumsy. (Dex -2) [Xom's mischief]
  6278 | D:6      | Gained mutation: You sometimes lose the ability to read
                  | scrolls when taking damage. [Xom's mischief]
  6293 | D:6      | XOM: give mutation
  6293 | D:6      | Gained mutation: You are dopey. (Int -2) [Xom's mischief]
  6351 | Temple   | Fell from the grace of Xom
  6351 | Temple   | Became a worshipper of Elyvilon the Healer
  6376 | D:5      | Lost mutation: You sometimes lose the ability to read
                  | scrolls when taking damage. [potion of mutation]
  6376 | D:5      | Lost mutation: You are dopey. (Int -2) [potion of mutation]
  6376 | D:5      | Lost mutation: You are clumsy. (Dex -2) [potion of
                  | mutation]
  6376 | D:5      | Gained mutation: One of your tentacles bears a spike.
                  | [potion of mutation]
  6402 | D:6      | Noticed a vampire
  6403 | D:6      | Found a transporter.
  6403 | D:6      | Found a basalt altar of Yredelemnul.
  6419 | D:6      | Found an ancient bone altar of Kikubaaqudgha.
  6420 | D:6      | Noticed Menkaure
  6436 | D:6      | Found a transporter.
  6501 | D:6      | Reached skill level 5 in Unarmed Combat
  6572 | D:6      | Learned a level 4 spell: Summon Lightning Spire
  6665 | Temple   | Fell from the grace of Elyvilon
  6665 | Temple   | Became a worshipper of Gozag Ym Sagoz the Greedy
  6761 | D:7      | Found a glowing silver altar of Zin.
  6761 | D:7      | XOM: 2-stop teleportation journey
  6774 | D:7      | XOM: give mutation
  6774 | D:7      | Gained mutation: You occasionally shout uncontrollably at
                  | your foes. [Xom's mischief]
  6845 | D:7      | Found Zusoisan's Assorted Antiques.
  6845 | D:7      | Found Ukatsiac's Armour Shoppe.
  6845 | D:7      | Found Hacraz's Jewellery Shoppe.
  6845 | D:7      | XOM: 4-stop teleportation journey
  6868 | D:7      | Reached skill level 5 in Translocations
  6976 | D:7      | Reached XP level 9. HP: 55/61 MP: 12/12
  7129 | D:7      | Reached skill level 7 in Summonings
  7718 | D:7      | XOM: summons 2 hostile demons
  7907 | D:7      | Found Raneff's Antique Weapon Shoppe.
  8028 | D:7      | Bought a scroll labelled NOWNOT ZORUS for 22 gold pieces
  8028 | D:7      | Bought a coral ring for 110 gold pieces
  8028 | D:7      | Bought a scroll labelled JOSUPH GAUNER for 22 gold pieces
  8049 | D:7      | XOM: give mutations
  8049 | D:7      | Lost mutation: One of your tentacles bears a spike. [Xom's
                  | mischief]
  8049 | D:7      | Gained mutation: Your system is resistant to poisons.
                  | (rPois) [Xom's mischief]
  8049 | D:7      | Gained mutation: Your muscles are strong. (Str +2) [Xom's
                  | mischief]
  8049 | D:7      | Gained mutation: You are dopey. (Int -2) [Xom's mischief]
  8594 | D:7      | XOM: summons 7 hostile demons
  8595 | D:7      | Noticed a sun demon
  8595 | D:7      | Noticed a sun demon
  8595 | D:7      | Noticed a red devil
  8597 | D:7      | Mangled by a red devil

Illustrated notes

Levels and vault maps discovered:
D:1:      psy_arrival_statuary, layout_basic, nicolae_ecumenical_lake_church
D:2:      layout_rooms, serial_shops, shop_fountains, uniq_natasha
D:3:      layout_basic, nrook_mini_backslash, minivault_14,
          minmay_gold_behind_fungi, uniq_robin, uniq_crazy_yiuf_cottage
D:4:      layout_rooms, ebering_ghost_rock_garden
D:5:      layout_cave_pools, mainiacjoe_overflow_boulevard,
          minmay_temple_entry_proselytizer, hangedman_decor_opposing
D:6:      layout_basic, gammafunk_temple_of_torment, grunt_temple_overflow_open,
          hellmonk_ghost_happy_afterlife
D:7:      minmay_inner_zag, layout_basic, mainiacjoe_overflow_cross_hatched,
          serial_co_window_serial, co_window_paths_a, co_window_corner_a,
          co_window_corner_a, co_window_corner_a, co_window_paths_a,
          co_window_cross_1, co_window_corner_a, co_window_paths_a,
          co_window_corner_a, co_window_broadway_a, co_window_of_opportunity_c,
          co_window_2corner, co_window_corner_cb, co_window_of_opportunity_b,
          co_window_of_opportunity_b, glass_columns_c, glass_columns_a,
          minmay_shop_grid_forest
D:8:      cheibrodos_wizards_tower, layout_rooms, serial_co_window_serial,
          co_window_paths_b, co_window_corner_a, co_window_paths_b,
          co_window_paths_b, co_window_corner_a, co_window_paths_a,
          co_window_2corner, co_window_broadway_a, co_window_broadway_a,
          co_window_corner_b, co_window_unsneaky_path_c,
          co_window_of_opportunity_c, co_window_paths_e, hangedman_incinerator,
          uniq_pikel, uniq_grum
Temple:   minmay_temple_curvy_loop

Skill      XL: |  1  2  3  4  5  6  7  8  9 |
---------------+----------------------------+-----
Fighting       | 1 2 3 4 5 |  5.7
Unarmed Combat | 1 2 3 4 5 |  5.4
Translocations | 1 2 3 5 |  5.2
Summonings     | 5 6 7 |  7.1
Dodging        | |  2.0
Stealth        | |  2.6
Spellcasting   | |  2.6
Transmutations | |  0.3
Earth Magic    | |  0.5

Action                   |  1- 3 |  4- 6 |  7- 9 || total
-------------------------+-------+-------+-------++-------
Melee: Unarmed           |    66 |     9 |     6 ||    81
       Tentacles         |    21 |    20 |    23 ||    64
       Constrict         |    26 |    29 |    28 ||    83
       Punch             |     3 |     1 |     9 ||    13
       Whip              |       |    78 |   102 ||   180
       Kick              |       |       |    13 ||    13
 Cast: Summon Small Mamm |     3 |     9 |    10 ||    22
       Call Imp          |     3 |    19 |     9 ||    31
       Call Canine Famil |     1 |    11 |    12 ||    24
       Blink             |       |       |     1 ||     1
       Summon Lightning  |       |       |     1 ||     1
  Use: Scroll            |       |     6 |     9 ||    15
       Potion            |       |       |     3 ||     3
 Stab: Sleeping          |    14 |     9 |     6 ||    29
       Distracted        |     2 |       |     3 ||     5
Armor: Skin              |    10 |     7 |    16 ||    33
Dodge: Dodged            |    41 |    54 |    63 ||   158

Table legend: (Time is in decaauts)
 A = Elapsed time spent in this place.
 B = Non-inter-level travel time spent in this place.
 C = Inter-level travel time spent in this place.
 D = Time resting spent in this place.
 E = Time spent auto-exploring this place.
 F = Levels seen in this place.
 G = Mean time per level.
                   A        B        C        D        E       F      G
               +--------+--------+--------+--------+--------+-----+--------+
         Total |   8617 |   7902 |    715 |   2862 |   3615 |   9 |  957.4 |
       Dungeon |   8244 |   7709 |    535 |   2862 |   3430 |   8 | 1030.5 |
        Temple |    372 |    192 |    180 |      0 |    185 |   1 |  372.0 |
               +--------+--------+--------+--------+--------+-----+--------+

Top non-repeatable levels by time:
     D:7: 1847 daAuts
     D:3: 1735 daAuts
     D:1: 1278 daAuts
     D:6: 1155 daAuts
     D:5: 805 daAuts
     D:4: 706 daAuts
     D:2: 706 daAuts
  Temple: 372 daAuts
     D:8: 9 daAuts
